 Dungeon Crawl Stone Soup version 0.23-a0-619-g281719c6f9 (webtiles) character file.

46 Enroth the Charmwright (level 3, -2/18 HPs)
             Began as a Vine Stalker Skald on Dec 23, 2018.
             Slain by Terence
             ... wielding a +0 flail
              (9 damage)
             ... on level 3 of the Dungeon.
             The game lasted 00:07:49 (1620 turns).

Enroth the Charmwright (Vine Stalker Skald)         Turns: 1620, Time: 00:07:50

Health: -2/18      AC:  3    Str: 13    XL:     3   Next: 68%
Magic:  0/7        EV: 12    Int: 13    God:
Gold:   108        SH:  0    Dex: 14    Spells: 1/7 levels left

rFire    . . .     SeeInvis .   a - +0 falchion
rCold    . . .     Gourm    .   (no shield)
rNeg     . . .     Faith    .   b - +0 leather armour
rPois    .         Spirit   +   (no helmet)
rElec    .         Reflect  .   (no cloak)
rCorr    .         Harm     .   (no gloves)
MR       .....                  (no boots)
Stlth    +.........             (no amulet)
HPRegen  0.06/turn              k - ring of wizardry
MPRegen  0.10/turn              (no ring)

@: very slightly contaminated
A: fangs 2, magic shield, antimagic bite, no potion heal 3, rot immunity
a: no special abilities


You were on level 3 of the Dungeon.
You were not hungry.

You visited 1 branch of the dungeon, and saw 3 of its levels.

You collected 108 gold pieces.

Inventory:

Hand Weapons
 a - a +0 falchion (weapon)
Armour
 b - a +0 leather armour (worn)
 j - a +2 chain mail of fire resistance
Jewellery
 k - a ring of wizardry (left hand)
Potions
 h - a potion of curing {unknown}
Comestibles
 c - a chunk of flesh
 d - 2 rations


   Skills:
 + Level 2.0 Fighting
 + Level 2.1 Long Blades
 + Level 1.2 Armour
 + Level 1.8 Dodging
 + Level 0.2 Stealth
 + Level 2.5 Spellcasting
 * Level 0.2 Hexes
 + Level 3.4 Charms


You had one spell level left.
You knew the following spells:

 Your Spells              Type           Power        Failure   Level  Hunger
a - Infusion              Chrm           ##..         3%          1    #......
b - Shroud of Golubria    Chrm/Tloc      #.........   9%          2    ###....
c - Spectral Weapon       Hex/Chrm       #.......     17%         3    ###....

Your spell library contained the following spells:

 Spells                   Type           Power        Failure   Level  Hunger
 Song of Slaying          Chrm           ##......     4%          2    ###....
 Regeneration             Chrm/Necr      #.........   17%         3    ###....


Dungeon Overview and Level Annotations

Branches:
Dungeon (3/15)

Altars:

Annotations:
D:2 Sigmund
D:3 Terence


Innate Abilities, Weirdness & Mutations

You have extremely sharp teeth.
When hurt, damage is shared between your health and your magic reserves.
Your bite disrupts and absorbs the magic of your enemies.
Potions cannot restore your health.
You are immune to rotting.


Message History

You bite the hobgoblin, but do no damage.
Terence misses you.
You closely miss the hobgoblin.
You bite the hobgoblin, but do no damage.
The hobgoblin hits you but does no damage.
Terence closely misses you.
You barely miss the hobgoblin.
You bite the hobgoblin, but do no damage.
The hobgoblin hits you but does no damage.
Terence closely misses you.
You hit the hobgoblin.
You kill the hobgoblin!
Terence hits you with a +0 flail!
Ouch! That really hurt!
Casting: Spectral Weapon (safe; 17% risk of failure)
Confirm with . or Enter, or press ? or * to list all spells.
Space distorts slightly along a thin shroud covering your body.
Terence hits you with a +0 flail!
Ouch! That really hurt!
You die...

#.....# #...!.# #.....#
#.....# #.....#######
#.....÷.....# $ #....)......#
... #########...........#
<...# #..).@@...............
......##.############........
.........# ##.........
.......#(###### ...........
.......#†##... ...#........
.......#..#.#####.## ..$....
...................### ....
!.....................
.............(........


You could see Terence.

Vanquished Creatures
  2 oozes
  An orc (D:3)
  2 giant cockroaches
  3 goblins (D:1)
  3 hobgoblins
  6 jackals
  5 bats
  2 frilled lizards (D:1)
  6 kobolds
  4 rats
34 creatures vanquished.

Notes
Turn   | Place    | Note
-------+----------+-------------------------------------------
     0 | D:1      | Enroth the Vine Stalker Skald began the quest for the Orb.
     0 | D:1      | Reached XP level 1. HP: 11/11 MP: 4/4
   284 | D:1      | Reached XP level 2. HP: 14/15 MP: 0/6
   958 | D:2      | Reached XP level 3. HP: 18/18 MP: 3/7
  1038 | D:2      | Reached skill level 1 in Armour
  1042 | D:2      | Learned a level 2 spell: Shroud of Golubria
  1046 | D:2      | Learned a level 3 spell: Spectral Weapon
  1189 | D:2      | Noticed Sigmund
  1596 | D:3      | Noticed Terence
  1620 | D:3      | Slain by Terence

Vault maps used:
D:1:      grunt_arrival_crossed_arrows
D:2:      first_ration, uniq_sigmund, uniq_natasha
D:3:      lemuel_upstairs_altar, uniq_terence

Skill      XL: |  1  2  3 |
---------------+----------+-----
Long Blades    | 2 |  2.1
Armour         | 1 |  1.2
Fighting       | 2 |  2.0
Dodging        | |  1.8
Stealth        | |  0.2
Spellcasting   | |  2.5
Hexes          | |  0.2
Charms         | |  3.4

Action                   || total
-------------------------++-------
Melee: Falchion          ||    77
       Bite              ||    25
 Cast: Infusion          ||    12
       Shroud of Golubri ||     2
  Use: Scroll            ||     4
 Stab: Sleeping          ||     1
  Eat: Ration            ||     1
Armor: Leather armour    ||    27
       Chain mail        ||     1
Dodge: Dodged            ||    65
       Rpst.: Falchion   ||    23

Table legend:
 A = Non-vault XP
 B = Vault XP
 C = Vault XP percentage of total XP
 D = Non-vault monster count
 E = Vault monster count
 F = Vault count percentage of total count
                 A         B        C        D         E       F
            +---------+---------+-------+---------+---------+-------
      Total |      67 |       0 |   0.0 |      34 |       0 |   0.0
            +---------+---------+-------+---------+---------+-------
        D:1 |      31 |       0 |   0.0 |      20 |       0 |   0.0
        D:2 |      13 |       0 |   0.0 |       4 |       0 |   0.0
        D:3 |      23 |       0 |   0.0 |      10 |       0 |   0.0
            +---------+---------+-------+---------+---------+-------
